cohdb
Replays
Latest Replays
All Replays
Popular Replays
Top Player Replays
Match Explorer
How It Works
Community
CoH3 Stats
Reddit
Sign in to upload your games and track your stats! →
Sign in with Steam
Match 36096177
Unlisted
Match 36096177
Overview
Messages
Build Orders
End
Selects Breakthrough Battlegroup
Selects Assault Grenadiers
Construct Infanterie Kompanie
Grenadier Squad
GrW 34 Mortar Team
Grenadier Squad
Construct Panzergrenadier Kompanie
Grenadier Squad
251 Medium Carrier
Panzergrenadier Squad
Kettenkrad Recon Vehicle
Infanterie Officer Quarters
Pak 40 Anti-tank Gun Team
Selects Smoke Bombing Run
Selects Incendiary Bombing Run
Construct Panzer Kompanie
Smoke Bombing Run
Panzergrenadier Squad
Smoke Bombing Run
Selects 2.5-tonne Cargo Truck
Sturmpanzer IV Brummbär
Pioneer Squad
Selects Blitzkrieg
Side Skirts
Panzer Officer Quarters
Pak 40 Anti-tank Gun Team
Panzer IV Medium Tank
MG 42 Bunker
Incendiary Bombing Run
Repair Bunker
MG 42 Bunker
Selects Tiger Heavy Tank
Tiger Heavy Tank
Smoke Bombing Run
Repair Bunker
Blitzkrieg
Incendiary Bombing Run
EarlofGrey
matrix4x4
风铃
pipila300
Aculaser
china天津饭
买买提的驴
ETO420
0
0
Comments
sign in to comment!
No comments posted yet!